 Dungeon Crawl Stone Soup version 0.25-a0-558-g78a2afb0af (webtiles) character file.

Game seed: 14844457325399861937, levelgen mode: classic

10 EnegeticOcto the Skirmisher (level 2, -1/25 HPs)
             Began as a Mummy Chaos Knight on Feb 24, 2020.
             Slain by a hippogriff (shapeshifter) (6 damage)
             ... on level 1 of the Dungeon.
             The game lasted 00:00:20 (302 turns).

EnegeticOcto the Skirmisher (Mummy Chaos Knight)     Turns: 302, Time: 00:00:20

Health: -1/25      AC:  5    Str: 15    XL:     2   Next: 10%
Magic:  2/2        EV: 11    Int: 11    God:
Gold:   17         SH:  0    Dex: 11    Spells: 1/1 levels left

rFire    x . .     SeeInvis .   a - +0 spear (chaos)
rCold    + . .     Gourm    .   (no shield)
rNeg     + + +     Faith    .   b - +2 leather armour
rPois    ∞         Spirit   .   (no helmet)
rElec    .         Reflect  .   (no cloak)
rCorr    .         Harm     .   (no gloves)
MR       .....                  (no boots)
Stlth    +.........             (no amulet)
HPRegen  0.08/turn              (no ring)
MPRegen  0.08/turn              (no ring)

@: no status effects
A: no food or potions, fire vulnerability, cold resistance 1, negative energy
resistance 3, torment resistance, unbreathing
a: no special abilities


You were on level 1 of the Dungeon.
You were not hungry.

You visited 1 branch of the dungeon, and saw 1 of its levels.

You collected 17 gold pieces.

Inventory:

Hand Weapons
 a - a +0 spear of chaos (weapon)
Armour
 b - a +2 leather armour (worn)
 d - a +2 cloak
Scrolls
 c - a scroll of enchant weapon {unknown}


   Skills:
 + Level 3.6 Fighting
 - Level 2.4 Polearms
 - Level 1.5 Armour
 - Level 0.7 Dodging


You had one spell level left.
You didn't know any spells.
Your spell library was empty.

Dungeon Overview and Level Annotations

Branches:
Dungeon (1/15)

Altars:


Innate Abilities, Weirdness & Mutations

You do not eat or drink.
Your flesh is vulnerable to fire.
You are immune to poison.
Your flesh is cold resistant. (rC+)
You are immune to negative energy. (rN+++)
You are immune to unholy pain and torment.
You can survive without breathing.


Message History

The adder zombie bites you.
You closely miss the adder zombie.
The adder zombie is severely damaged.
The adder zombie bites you but does no damage.
An adder zombie is nearby!
An adder zombie is nearby!
You completely miss the adder zombie.
The adder zombie is severely damaged.
The adder zombie barely misses you.
You hit the adder zombie.
The adder zombie is almost destroyed.
The adder zombie bites you.
You are too injured to fight recklessly!
You are too injured to fight recklessly!
You are too injured to fight recklessly!
You are too injured to fight recklessly!
You are too injured to fight recklessly!
An adder zombie is nearby!
An adder zombie is nearby!
You barely miss the adder zombie.
The adder zombie is almost destroyed.
The adder zombie bites you.
You hit the adder zombie but do no damage.
The adder zombie is almost destroyed.
The adder zombie bites you.
* * * LOW HITPOINT WARNING * * *
You closely miss the adder zombie.
The adder zombie is almost destroyed.
The adder zombie bites you but does no damage.
You don't know any spells.
You hit the adder zombie.
You destroy the adder zombie!
You have reached level 2! "Let's go for a ride!"
Your surroundings suddenly seem different.
Your surroundings suddenly seem different.
Your surroundings suddenly seem different.
Your surroundings suddenly seem different.
The divine experience drains your vigour!
HP restored.
You open the large door.
There is a large open door here.
There is a large open door here.
You open the large door.
There is a large open door here.
There is a large open door here.
Found a hunting sling.
A bat comes into view.
The bat barely misses you.
You barely miss the bat. The bat misses you. The bat barely misses you.
You hit the bat but do no damage.
The bat appears confused.
The bat hits you but does no damage. The bat closely misses you.
Attack whom?
Press: ? - help, Dir - move target cursor, f - bat
Aim: a bat (confused)
You reach to attack!
You completely miss the bat. You hit the bat but do no damage.
The bat hits you but does no damage. The bat closely misses you.
The bat hits itself but does no damage.
You closely miss the bat. The bat barely misses you. The bat hits you.
Attack whom?
Press: ? - help, Dir - move target cursor, f/p - bat
Aim: a bat (confused)
You reach to attack!
You catch the helpless bat completely off-guard!
You hit the bat.
You kill the bat!
No target in view!
c - a scroll labeled QOS BE BOLUYH You see here a hunting sling.
d - a glowing cloak A hobgoblin comes into view.
It is wielding a +0 club.
A hobgoblin is nearby!
The helpless hobgoblin fails to defend itself.
You hit the hobgoblin but do no damage.
The hobgoblin changes into a shapeshifter!
The shapeshifter changes into a human!
You closely miss the human.
The human changes into a harpy!
You hit the harpy but do no damage.
The harpy changes into a shapeshifter!
You hit the shapeshifter.
The shapeshifter is lightly wounded.
The shapeshifter changes into a hippogriff!
You closely miss the hippogriff.
You hit the hippogriff but do no damage.
The hippogriff bites you! The hippogriff pecks you.
The hippogriff claws you but does no damage.
You are too injured to fight recklessly!
You are too injured to fight recklessly!
You are too injured to fight recklessly!
You are too injured to fight recklessly!
You are too injured to fight recklessly!
A hippogriff is nearby!
You hit the hippogriff.
The hippogriff is lightly wounded.
The hippogriff bites you.
* * * LOW HITPOINT WARNING * * *
The hippogriff pecks you.
* * * LOW HITPOINT WARNING * * *
The hippogriff claws you.
You die...
Xom laughs nastily!

# .# #.# ##### ...
....##.## #........
.....#.###########
.....#...........#
...#.#####..####@#
##.#.)......#
#H...#
#.#######.##......#
#.........##......#
############......#
#......# #......#
##.....#


You could see a hippogriff shaped shifter.

Vanquished Creatures
  2 adder zombies (D:1)
  A bat (D:1)
  A leopard gecko zombie (D:1)
4 creatures vanquished.

Notes
Turn   | Place    | Note
-------+----------+-------------------------------------------
     0 | D:1      | EnegeticOcto the Mummy Chaos Knight began the quest for the
                  | Orb.
     0 | D:1      | Reached XP level 1. HP: 18/18 MP: 1/1
     0 | D:1      | Fell from the grace of Xom
    42 | D:1      | Reached XP level 2. HP: 7/24 MP: 2/2
   141 | D:1      | XOM: 4-stop teleportation journey
   296 | D:1      | Noticed a shapeshifter
   296 | D:1      | a hobgoblin changed into a shapeshifter
   296 | D:1      | Noticed a human
   296 | D:1      | a shapeshifter changed into a human
   297 | D:1      | Noticed a harpy
   297 | D:1      | a human changed into a harpy
   298 | D:1      | Noticed a shapeshifter
   298 | D:1      | a harpy changed into a shapeshifter
   299 | D:1      | Noticed a hippogriff
   299 | D:1      | a shapeshifter changed into a hippogriff
   302 | D:1      | Slain by a hippogriff (shapeshifter)

Levels and vault maps discovered:
D:1:      saegor_arrival_fortress, layout_basic, minivault_5

Action                   || total
-------------------------++-------
Melee: Spear             ||    36
Invok: Renounce Religion ||     1
 Stab: Confused          ||     1
       Sleeping          ||     1
Armor: Leather armour    ||    12
Dodge: Dodged            ||    13

Table legend:
 A = Non-vault XP
 B = Vault XP
 C = Vault XP percentage of total XP
 D = Non-vault monster count
 E = Vault monster count
 F = Vault count percentage of total count
                 A         B        C        D         E       F
            +---------+---------+-------+---------+---------+-------
      Total |       2 |      13 |  86.7 |       1 |       3 |  75.0
            +---------+---------+-------+---------+---------+-------
        D:1 |       2 |      13 |  86.7 |       1 |       3 |  75.0
            +---------+---------+-------+---------+---------+-------
